 Dungeon Crawl Stone Soup version 0.24.0-28-g17ded55e90 (webtiles) character file.

Game seed: 14276958864978300203, levelgen mode: deterministic

9818 grindst0ne the Blocker (level 11, -8/69 (70) HPs)
             Began as an Octopode Fighter on Nov 11, 2019.
             Was a Follower of Ru.
             Splashed by an acid dragon's acid (12 damage)
             ... on level 11 of the Dungeon.
             The game lasted 00:44:50 (17974 turns).

grindst0ne the Blocker (Octopode Fighter)          Turns: 17974, Time: 00:44:51

HP:   -8/69 (70)    AC: -3    Str: 13    XL:     11   Next: 52%
MP:   11/11         EV: 19    Int: 15    God:    Ru [*.....]
Gold: 662           SH: 17    Dex: 18    Spells: 10/10 levels left

rFire    . . .     SeeInvis .   x - +2 war axe
rCold    + . .     Gourm    .   a - +5 shield of Happiness {*Drain Str-3 Dex+6}
rNeg     . . .     Faith    .   (helmet restricted)
rPois    .         Spirit   .   (no amulet)
rElec    .         Reflect  .   c - ring of protection from cold
rCorr    .         Harm     .   (no ring)
MR       .....                  (no ring)
Stlth    ++++......             (no ring)
HPRegen  0.21/turn              (no ring)
MPRegen  0.12/turn              (no ring)
                                (no ring)
                                (no ring)

@: no potions, corroded
A: almost no armour, stealthy swim, amphibious, 8 rings, constrict 8, tentacle
spike 1, camouflage 1, clever 1, frail 1, gelatinous body 1, inability to drink
while threatened
a: Renounce Religion


You were on level 11 of the Dungeon.
You worshipped Ru.
Ru was aware of your devotion.
You were not hungry.

You visited 2 branches of the dungeon, and saw 12 of its levels.

You collected 662 gold pieces.

Inventory:

Hand Weapons
 x - a +2 war axe (weapon)
 J - a +2 dagger of venom
Missiles
 j - 46 poisoned darts (quivered)
 r - 4 datura-tipped darts
 E - 4 atropa-tipped darts
Armour
 a - the +5 shield of Happiness (worn) {*Drain Str-3 Dex+6}
   (You found it on level 8 of the Dungeon)

   It affects your strength (-3).
   It affects your dexterity (+6).
   It causes draining when unequipped.
Jewellery
 c - a ring of protection from cold (left tentacle)
Wands
 g - a wand of disintegration (11)
 h - a wand of paralysis (5)
 z - a wand of enslavement (11)
 B - a wand of random effects (21)
 C - a wand of polymorph (10)
 F - a wand of digging (8)
 I - a wand of flame (17)
Scrolls
 e - 6 scrolls of teleportation
 f - 2 scrolls of enchant armour
 k - 5 scrolls of remove curse
 m - 4 scrolls of amnesia
 n - a scroll of torment {unknown}
 o - 6 scrolls of fear
 p - a scroll of magic mapping {unknown}
 q - a scroll of noise {unknown}
 u - 3 scrolls of enchant weapon
 y - a scroll of fog {unknown}
 D - a scroll of immolation {unknown}
Potions
 b - a potion of magic
 i - 2 potions of curing
 l - 2 potions of flight
 s - a potion of cancellation
 t - a potion of agility {unknown}
 v - a potion of ambrosia
 A - a potion of resistance
 G - a potion of heal wounds
Comestibles
 d - 14 rations
 w - 4 chunks of flesh


   Skills:
 + Level 8.3 Fighting
 - Level 2.3 Short Blades
 + Level 8.2 Axes
 + Level 8.3 Dodging
 - Level 4.0 Stealth
 * Level 11.2 Shields


You had 10 spell levels left.
You didn't know any spells.
Your spell library contained the following spells:

 Spells                   Type           Power        Failure   Level  Hunger
 Apportation              Tloc           #.....       41%         1    ##.....
 Magic Dart               Conj           #...         41%         1    ##.....
 Summon Butterflies       Summ           #.......     41%         1    ##.....
 Searing Ray              Conj           #.....       54%         2    ###....
 Dazzling Spray           Conj/Hex       #.....       78%         3    ####...
 Lesser Beckoning         Tloc           #.........   78%         3    ####...
 Tukima's Dance           Hex            #.......     78%         3    ####...
 Force Lance              Conj/Tloc      #.......     99%         4    #####..
 Fulminant Prism          Conj/Hex       #.........   99%         4    #####..
 Iskenderun's Mystic Bla  Conj           #.......     99%         4    #####..
 Alistair's Intoxication  Tmut/Pois      #.......     100%        5    ######.
 Invisibility             Hex            #.......     100%        6    #######


Dungeon Overview and Level Annotations

Branches:
Dungeon (11/15)            Temple (1/1) D:5             Orc (0/2) D:11
   Lair: D:8-11

Altars:
Ashenzari
Cheibriados
Dithmenos
Elyvilon
Fedhas
Gozag
Hepliaklqana
Kikubaaqudgha
Makhleb
Nemelex Xobeh
Okawaru
Qazlal
Ru
Sif Muna
Trog
Uskayaw
Vehumet
Wu Jian
Xom
Yredelemnul
Zin
The Shining One

Shops:
D:6 *   D:7 (   D:11 =

Annotations:
D:5 exclusion: 2 downstairs
D:7 exclusion: 2 downstairs


Innate Abilities, Weirdness & Mutations

You cannot wear most types of armour.
You are very stealthy in the water. (Stealth+)
You are amphibious.
You can wear up to eight rings at the same time.
You can use your tentacles to constrict eight enemies at once.
Your skin changes colour to match your surroundings (Stealth+).
Your rubbery body absorbs attacks. (AC +1, EV +1)
You cannot drink potions while threatened.
One of your tentacles bears a spike.
Your mind is acute. (Int +2)
You are frail. (-10% HP)


Message History

You block the acid dragon's attack. The acid dragon barely misses you.
You hit the acid dragon but do no damage.
The acid dragon is severely wounded.
The acid dragon completely misses you. The acid dragon claws you.
* * * LOW HITPOINT WARNING * * *
You hit the acid dragon.
You pierce the acid dragon, but do no damage.
The acid dragon is almost dead.
The acid dragon closely misses you. You block the acid dragon's attack. x2
The acid dragon closely misses you.
The steam dragon hisses angrily.
You hit the acid dragon.
Your tentacle spike misses the acid dragon.
You squeeze the acid dragon, but do no damage.
The acid dragon is almost dead.
The acid dragon spits acid at you. The splash of acid hits you!
* * * LOW HITPOINT WARNING * * *
You are splashed with acid!
You die...

..# #.........#
..##### #.........#
..'...#####.((((()..#
..###...).'.........#
..# #######.........#
..# ####'###### #.##
#...# #..# ###.# ##.#
#@# ##'## #D# #...#
... ..8.# .(..( #...#
....... '#.##
......... ##.#
.....(.D... ##.#
#..........#. ##.#


You could see a steam dragon and an acid dragon.

Vanquished Creatures
  A two-headed ogre (D:10)
  Pikel (D:5)
  Joseph (D:7)
  A gargoyle (D:10)
  A troll (D:11)
  2 hippogriffs
  A wyvern (D:10)
  7 yaks
  A vampire (D:10)
  Eustachio (D:6)
  A hungry ghost (D:9)
  Duvessa (D:6)
  Edmund (D:6)
  2 water moccasins
  2 orc warriors (D:6)
  3 slaves (D:5)
  2 ice beasts
  A phantom (D:6)
  2 black bears (D:9)
  A necrophage (D:10)
  5 ogres
  6 centaurs
  2 big kobolds
  A crocodile (D:7)
  2 bullfrogs
  3 scorpions
  Dowan (D:6)
  7 killer bees
  17 wights
  2 crimson imps
  2 quasits
  2 centaur zombies
  6 hounds
  A jelly (D:5)
  18 orc wizards
  A gnoll shaman (D:8)
  15 orc priests
  6 iguanas
  11 worker ants
  A hound skeleton (D:10)
  9 gnolls
  2 worker ant zombies
  10 adders
  A shadow imp (D:5)
  An ooze (D:4)
  2 adder zombies
  4 worms
  A dart slug (D:3)
  5 leopard geckos
  76 orcs
  5 bats
  7 giant cockroaches
  A goblin (D:3)
  3 hobgoblins
  9 jackals
  3 quokkas
  4 ball pythons
  4 frilled lizards
  19 kobolds
  A quokka skeleton (D:6)
  9 rats
318 creatures vanquished.

Vanquished Creatures (collateral kills)
  A yak (D:7)
1 creature vanquished.

Vanquished Creatures (others)
  A yak (D:11)
  An ogre (D:7)
  An orc (D:11)
3 creatures vanquished.

Grand Total: 322 creatures vanquished

Notes
Turn   | Place    | Note
-------+----------+-------------------------------------------
     0 | D:1      | grindst0ne the Octopode Fighter began the quest for the
                  | Orb.
     0 | D:1      | Reached XP level 1. HP: 16/16 MP: 1/1
   298 | D:1      | Reached XP level 2. HP: 21/21 MP: 2/2
   966 | D:2      | Reached XP level 3. HP: 26/26 MP: 3/3
  1742 | D:3      | Reached XP level 4. HP: 25/31 MP: 4/4
  1746 | D:3      | Reached skill level 1 in Stealth
  1753 | D:3      | Reached skill level 1 in Short Blades
  2288 | D:3      | Reached XP level 5. HP: 36/36 MP: 5/5
  2372 | D:3      | Reached skill level 4 in Shields
  2851 | D:3      | HP: 1/36 [orc (5)]
  3491 | D:4      | Found a glowing silver altar of Zin.
  3503 | D:4      | Found a hide-covered altar of Uskayaw.
  3504 | D:4      | Found an opulent altar of Gozag.
  3550 | D:4      | Reached XP level 6. HP: 19/42 MP: 6/6
  4076 | D:4      | Found a white marble altar of Elyvilon.
  4522 | D:4      | Reached XP level 7. HP: 38/47 MP: 7/7
  4642 | D:4      | Reached skill level 5 in Shields
  4884 | D:5      | Entered Level 5 of the Dungeon
  5162 | D:5      | Noticed Pikel
  5273 | D:5      | Killed Pikel
  5273 | D:5      | Reached skill level 6 in Shields
  5273 | D:5      | Reached XP level 8. HP: 25/54 MP: 8/8
  5458 | D:5      | HP: 1/54 [orc (3)]
  5601 | D:5      | Reached skill level 5 in Dodging
  5917 | D:5      | Found a staircase to the Ecumenical Temple.
  5921 | Temple   | Entered the Ecumenical Temple
  6073 | Temple   | Became a worshipper of Ru the Awakened
  6302 | D:5      | Reached skill level 5 in Fighting
  6590 | D:6      | Found a sacrificial altar of Ru.
  6626 | D:5      | Reached skill level 5 in Axes
  6918 | D:6      | Reached skill level 7 in Shields
  7087 | D:6      | Reached XP level 9. HP: 12/61 MP: 9/9
  7395 | D:6      | Noticed Eustachio
  7414 | D:6      | Killed Eustachio
  7661 | D:6      | Noticed Duvessa
  7661 | D:6      | Noticed Dowan
  7671 | D:6      | Killed Dowan
  7684 | D:6      | Killed Duvessa
  8610 | D:6      | Reached skill level 8 in Shields
  8688 | D:6      | Found Niux's Mass Market.
  8850 | D:6      | Noticed Edmund
  8869 | D:6      | Killed Edmund
  9492 | D:7      | Found Latuic's Weapon Shoppe.
  9568 | D:7      | Found an iron altar of Okawaru.
  9933 | D:7      | Noticed Joseph
 10264 | D:7      | Killed Joseph
 10264 | D:7      | Reached skill level 9 in Shields
 10264 | D:7      | Reached XP level 10. HP: 34/69 MP: 10/10
 12549 | D:8      | Reached skill level 10 in Shields
 12786 | D:8      | Got an ichor-stained shield
 12800 | D:8      | Identified the +5 shield of Happiness {*Drain Str-3 Dex+6}
                  | (You found it on level 8 of the Dungeon)
 14365 | D:10     | Entered Level 10 of the Dungeon
 14432 | D:10     | Reached XP level 11. HP: 56/76 MP: 11/11
 15274 | D:10     | Paralysed by an orc priest for 3 turns
 15274 | D:10     | Noticed a two-headed ogre
 15554 | D:10     | Killed a two-headed ogre
 15853 | D:10     | Paralysed by an orc priest for 7 turns
 16194 | D:10     | Gained mutation: Your mind is acute. (Int +2) [potion of
                  | mutation]
 16194 | D:10     | Gained mutation: You are frail. (-10% HP) [potion of
                  | mutation]
 16194 | D:10     | Gained mutation: One of your tentacles bears a spike.
                  | [potion of mutation]
 16383 | D:10     | Reached skill level 11 in Shields
 17017 | D:11     | Found Fovineog's Jewellery Shop.
 17400 | D:11     | Gained mutation: You cannot drink potions while threatened.
                  | [Ru sacrifice]
 17400 | D:11     | Reached * piety under Ru
 17589 | D:11     | Found a staircase to the Orcish Mines.
 17974 | D:11     | Splashed by an acid dragon's acid

Levels and vault maps discovered:
D:1:      dpeg_arrival_circle_labyrinth_a, layout_basic
D:2:      layout_basic
D:3:      cheibrodos_pilgrimage, layout_loops_ring, kennysheep_boxes
D:4:      layout_gridville, kennysheep_little_box, grunt_temple_overflow_open,
          lemuel_round_altar
D:5:      layout_loops_cross, minmay_temple_entry_steel_oval, first_ration,
          uniq_pikel
D:6:      minmay_angry_zag, layout_loops_ring, basic_altar, minmay_shop_mass,
          uniq_eustachio, uniq_duvessa, uniq_edmund
D:7:      layout_rooms, serial_shops, shop, basic_altar, uniq_joseph
D:8:      layout_gridville
D:9:      layout_grid_maze
D:10:     layout_basic
D:11:     layout_roguey, david_lair_shrubbed, hiddenorc2_lemuel, serial_shops,
          shop, grunt_livestock, grunt_qazlal_clouds, uniq_erica
Temple:   compressed_dpeg_circular_temple

Skill      XL: |  1  2  3  4  5  6  7  8  9 10 11 |
---------------+----------------------------------+-----
Stealth        | 1 2 3 4 |  4.0
Short Blades   | 1 2 |  2.3
Shields        | 4 6 7 9 10 11 | 11.2
Axes           | 3 4 5 6 7 8 |  8.2
Dodging        | 4 5 6 7 8 |  8.3
Fighting       | 4 5 6 7 8 |  8.3

Action                   |  1- 3 |  4- 6 |  7- 9 | 10-12 || total
-------------------------+-------+-------+-------+-------++-------
Melee: Dagger            |    80 |   116 |   363 |   496 ||  1055
       Constrict         |    25 |    32 |    74 |    95 ||   226
       War axe           |     3 |       |     9 |    49 ||    61
       Tentacles         |    15 |    26 |    84 |   170 ||   295
       Hand axe          |     1 |       |       |       ||     1
       Kick              |       |       |       |    64 ||    64
Throw: Dart              |       |       |    27 |    21 ||    48
Invok: Reject Sacrifices |       |       |     1 |       ||     1
       Sacrifice Drink   |       |       |       |     1 ||     1
Evoke: Wand              |       |       |     1 |    13 ||    14
  Use: Scroll            |       |     2 |     8 |     5 ||    15
       Potion            |       |     1 |     4 |     5 ||    10
 Stab: Sleeping          |     6 |     5 |    10 |    18 ||    39
       Distracted        |       |       |     1 |     1 ||     2
  Eat: Chunk             |     2 |     9 |    12 |    13 ||    36
       Ration            |       |       |     2 |     4 ||     6
Armor: Skin              |     5 |     9 |    10 |     9 ||    33
Dodge: Dodged            |    31 |    50 |   127 |   217 ||   425
Block: Shield            |    44 |    34 |   161 |   360 ||   599
